 Dungeon Crawl Stone Soup version 0.29.1-1-gd02db69 (webtiles) character file.

Game seed: 3968666002654942225

22 Timinator the Insei (level 2, -1/23 HPs)
             Began as a Demigod Transmuter on Dec 19, 2022.
             Slain by a hobgoblin (2 damage)
             ... on level 1 of the Dungeon.
             The game lasted 00:02:16 (732 turns).

Timinator the Insei (Demigod Transmuter)             Turns: 732, Time: 00:02:16

Health: -1/23      AC:  2    Str: 11    XL:     2   Next: 51%
Magic:  6/7        EV: 12    Int: 15    God:
Gold:   6          SH:  0    Dex: 14    Spells: 4/5 levels left

rFire   . . .      SeeInvis .     - Unarmed
rCold   . . .      Faith    .   (no shield)
rNeg    . . .      Spirit   .   a - +0 robe
rPois   .          Reflect  .   (helmet currently unavailable)
rElec   .          Harm     .   (no cloak)
rCorr   .          Rampage  .   (no gloves)
Will    .....                   (boots currently unavailable)
Stlth   +.........              (no amulet)
HPRegen 0.07/turn               (no ring)
MPRegen 0.10/turn               (no ring)

@: appendages
A: horns 2, talons 2, high MP 1, forlorn, divine attributes
a: End Transformation


You were on level 1 of the Dungeon.
You had temporarily grown beastly horns and talons.
You visited 1 branch of the dungeon, and saw 1 of its levels.

You collected 6 gold pieces.

Inventory:

Armour
 a - a +0 robe (worn)
Scrolls
 c - a scroll of identify {unknown}


   Skills:
 * Level 1.1 Fighting
 * Level 0.4 Armour
 * Level 2.0 Dodging
 + Level 3.0 Unarmed Combat
 + Level 2.0 Spellcasting
 * Level 2.0 Transmutations


You had 4 spell levels left.
You knew the following spells:

 Your Spells              Type           Power      Damage    Failure   Level
a - Beastly Appendage     Tmut           14%        N/A       10%         1

Your spell library contained the following spells:

 Spells                   Type           Power      Damage    Failure   Level
 Wereblood                Tmut           7%         N/A       14%         2
 Spider Form              Tmut/Pois      4%         N/A       41%         3
 Ice Form                 Ice/Tmut       4%         N/A       82%         4


Dungeon Overview and Level Annotations

Branches:
Dungeon (1/15)


Innate Abilities, Weirdness & Mutations

You have temporarily grown beastly horns and talons.
You have an increased reservoir of magic. (+10% MP)
You shall have no god before yourself.
Your divine heritage dramatically boosts your attributes as you level up.


Message History

The hobgoblin closely misses you.
You hit the hobgoblin. Your kick misses the hobgoblin.
The hobgoblin is almost dead.
The hobgoblin hits you but does no damage.
You hit the hobgoblin but do no damage. Your headbutt misses the hobgoblin.
The hobgoblin is almost dead.
The hobgoblin hits you but does no damage.
The hobgoblin closely misses you.
You closely miss the hobgoblin.
The hobgoblin is almost dead.
The hobgoblin closely misses you. The hobgoblin completely misses you.
You hit the hobgoblin but do no damage. Your headbutt misses the hobgoblin.
The hobgoblin is almost dead.
The hobgoblin misses you. The hobgoblin barely misses you.
You hit the hobgoblin.
You kill the hobgoblin!
The rat bites you. The hobgoblin hits you.
* * * LOW HITPOINT WARNING * * *
You hit the hobgoblin but do no damage. Your kick misses the hobgoblin.
The rat barely misses you. The hobgoblin hits you.
* * * LOW HITPOINT WARNING * * *
You aren't carrying any potions.
You hit the hobgoblin.
The hobgoblin is moderately wounded.
The rat closely misses you. The hobgoblin closely misses you.
You barely miss the hobgoblin.
The hobgoblin is moderately wounded.
Your horns disappear.
Your talons disappear.
The rat bites you but does no damage.
You see here a giant cockroach corpse.
The hobgoblin attacks as you move away! The hobgoblin hits you.
* * * LOW HITPOINT WARNING * * *
Casting: Beastly Appendage (safe; 10% risk of failure)
Confirm with . or Enter, or press ? or * to list all spells.
You grow a pair of large bovine horns.
Your feet morph into talons.
The hobgoblin closely misses you.
You closely miss the hobgoblin.
The hobgoblin is lightly wounded.
The hobgoblin hits you.
You die...

#..........(.##...#......>#..
#.................###...###..
#..........#.## ........÷..
#.............. .........).
#..........# ...###...##
#........†## ...........
#.......†.## ##..#........
#..........### ...##........
##########rg@##....#.......##
############..#....#.......#=
#........# ##......(....#..#[
#........####..............#$
#..................#.......##
#....................#..>....
#............................
#............................
#................####.##.....


You could see a hobgoblin and a rat.

Vanquished Creatures
  A dart slug (D:1)
  3 bats (D:1)
  An endoplasm (D:1)
  2 giant cockroaches (D:1)
  A goblin (D:1)
  3 hobgoblins (D:1)
  2 quokkas (D:1)
  A ball python (D:1)
  2 frilled lizards (D:1)
  A kobold (D:1)
  A rat (D:1)
18 creatures vanquished.

Notes
Turn   | Place    | Note
-------+----------+-------------------------------------------
     0 | D:1      | Timinator the Demigod Transmuter began the quest for the
                  | Orb.
     0 | D:1      | Reached XP level 1. HP: 15/15 MP: 5/5
    27 | D:1      | Reached skill level 1 in Fighting
   182 | D:1      | Reached XP level 2. HP: 7/23 MP: 7/7
   701 | D:1      | Reached skill level 3 in Unarmed Combat
   728 | D:1      | HP: 1/23 [hobgoblin (2)]
   732 | D:1      | Slain by a hobgoblin

Illustrated notes

Levels and vault maps discovered:
D:1:      minmay_arrival_open_corners, layout_rooms, due_unseen_surprise

Skill      XL: |  1  2 |
---------------+-------+-----
Fighting       | 1 |  1.1
Dodging        | 2 |  2.0
Transmutations | 2 |  2.0
Unarmed Combat | 3 |  3.0
Spellcasting   | 2 |  2.0
Armour         | |  0.4

Action                   || total
-------------------------++-------
Melee: Unarmed           ||    54
       Kick              ||     6
       Headbutt          ||     6
 Cast: Beastly Appendage ||     9
  Use: Potion            ||     1
Armor: Skin              ||    16
       Robe              ||    11
Dodge: Dodged            ||    41
